 Dungeon Crawl Stone Soup version 0.28-a0-845-gfc338a8e3c (webtiles) character file.

Game seed: 2898527411463335366

84 siradein the Poker (level 4, -4/34 HPs)
             Began as a Merfolk Gladiator on Nov 12, 2021.
             Slain by an iguana (9 damage)
             ... on level 2 of the Dungeon.
             The game lasted 00:04:58 (1796 turns).

siradein the Poker (Merfolk Gladiator)              Turns: 1796, Time: 00:04:59

Health: -4/34      AC:  5    Str: 14    XL:     4   Next: 46%
Magic:  4/4        EV: 13    Int:  7    God:
Gold:   62         SH:  0    Dex: 16    Spells: 3/3 levels left

rFire   . . .      SeeInvis .   a - +0 trident
rCold   . . .      Faith    .   (no shield)
rNeg    . . .      Spirit   .   b - +0 leather armour
rPois   .          Reflect  .   c - +0 helmet
rElec   .          Harm     .   g - +0 cloak
rCorr   .          Rampage  .   (no gloves)
Will    .....                   (no boots)
Stlth   +.........              (no amulet)
HPRegen 0.11/turn               (no ring)
MPRegen 0.09/turn               (no ring)

@: no status effects
A: (nimble swimmer 2), mertail
a: no special abilities


You were on level 2 of the Dungeon.
You visited 1 branch of the dungeon, and saw 2 of its levels.

You collected 62 gold pieces.

Inventory:

Hand Weapons
 a - a +0 trident (weapon)
Missiles
 d - 3 throwing nets (quivered)
Armour
 b - a +0 leather armour (worn)
 c - a +0 helmet (worn)
 g - a +0 cloak (worn)
Scrolls
 i - a scroll of magic mapping {unknown}
 j - a scroll of identify {unknown}
 k - a scroll of summoning {unknown}
 l - a scroll of teleportation {unknown}
Potions
 e - a potion of lignification {unknown}
 f - a potion of curing {unknown}
 h - a potion of heal wounds {unknown}
 m - a potion of mutation {unknown}


   Skills:
 + Level 2.9 Fighting
 + Level 5.1 Polearms
 + Level 2.6 Throwing
 + Level 1.0 Armour
 + Level 4.7 Dodging


You had 3 spell levels left.
You didn't know any spells.
Your spell library was empty.

Dungeon Overview and Level Annotations

Branches:
Dungeon (2/15)

Altars:


Innate Abilities, Weirdness & Mutations

((You are quick and stealthy near water. (Stealth+, EV+, Speed+++)))
Your lower body shifts to a powerful aquatic tail in water.


Message History

An iguana comes into view.
A quokka comes into view.
You hit the hobgoblin.
The hobgoblin is almost dead.
The hobgoblin hits you but does no damage.
You closely miss the hobgoblin.
The hobgoblin is almost dead.
The hobgoblin closely misses you.
You closely miss the hobgoblin.
The hobgoblin is almost dead.
The hobgoblin hits you. The hobgoblin misses you.
You barely miss the hobgoblin.
The hobgoblin is almost dead.
The hobgoblin barely misses you. The hobgoblin closely misses you.
You hit the hobgoblin but do no damage.
The hobgoblin is almost dead.
The hobgoblin hits you but does no damage.
The hobgoblin barely misses you. The goblin hits you but does no damage.
The iguana bites you! The quokka barely misses you.
The hobgoblin hits you but does no damage.
You hit the hobgoblin.
You kill the hobgoblin!
The hobgoblin misses you. The goblin hits you with a +0 dagger.
The quokka barely misses you. The iguana bites you! The quokka bites you.
The hobgoblin hits you but does no damage.
You see here a hobgoblin corpse.
There is a stone staircase leading down here.
The quokka bites you but does no damage.
The quokka misses you.
You hit the quokka.
The quokka is moderately wounded.
The iguana misses you. The quokka closely misses you.
You puncture the quokka!
You kill the quokka!
The iguana bites you!
* * * LOW HITPOINT WARNING * * *
You puncture the goblin!
You kill the goblin!
The iguana bites you!
You die...

#.##..###....#
#÷##...#...#.## .
#†##.#......... .#### .
#..÷.........## #... .
####.##.##.##.. ...# .#
#........... #..##.###
#.......##.###........
####.#####.#.>g...#
#...# #.#@#†g..# #.÷.#
##.#l#..#.#.# #...#
#............#
#####...###.##.#.......#
#...........##.##.#.##.#
....[..........# .#... .
#...........#### .# ##.
#####...###.# .. # #...#
#... ..


You could see an iguana and a hobgoblin.

Vanquished Creatures
  3 adders (D:2)
  A worm (D:2)
  4 endoplasms (D:1)
  2 giant cockroaches (D:1)
  4 goblins
  7 hobgoblins
  7 jackals (D:1)
  2 quokkas
  4 ball pythons
  7 bats
  3 frilled lizards (D:1)
  2 kobolds (D:1)
  4 rats (D:1)
50 creatures vanquished.

Notes
Turn   | Place    | Note
-------+----------+-------------------------------------------
     0 | D:1      | siradein the Merfolk Gladiator began the quest for the Orb.
     0 | D:1      | Reached XP level 1. HP: 16/16 MP: 1/1
   145 | D:1      | Reached XP level 2. HP: 11/23 MP: 2/2
   572 | D:1      | Reached XP level 3. HP: 24/28 MP: 3/3
  1334 | D:2      | Reached skill level 5 in Polearms
  1341 | D:2      | Reached XP level 4. HP: 22/34 MP: 4/4
  1512 | D:2      | Reached skill level 1 in Armour
  1796 | D:2      | Slain by an iguana

Illustrated notes

Levels and vault maps discovered:
D:1:      onia_arrival_pentagram, layout_basic, st_stairs_9
D:2:      layout_loops_cross, basic_altar

Skill      XL: |  1  2  3  4 |
---------------+-------------+-----
Polearms       | 5 |  5.1
Armour         | 1 |  1.0
Fighting       | |  2.9
Throwing       | |  2.6
Dodging        | |  4.7

Action                   |  1- 3 |  4- 6 || total
-------------------------+-------+-------++-------
Melee: Trident           |   140 |    38 ||   178
Armor: Leather armour    |    44 |    11 ||    55
Dodge: Dodged            |    87 |    29 ||   116

Table legend: (Time is in decaauts)
 A = Elapsed time spent in this place.
 B = Non-inter-level travel time spent in this place.
 C = Inter-level travel time spent in this place.
 D = Time resting spent in this place.
 E = Time spent auto-exploring this place.
 F = Levels seen in this place.
 G = Mean time per level.
                   A        B        C        D        E       F      G
               +--------+--------+--------+--------+--------+-----+--------+
         Total |   1807 |   1770 |     37 |    222 |   1213 |   2 |  903.5 |
       Dungeon |   1807 |   1770 |     37 |    222 |   1213 |   2 |  903.5 |
               +--------+--------+--------+--------+--------+-----+--------+

Top non-repeatable levels by time:
     D:1: 1214 daAuts
     D:2: 592 daAuts
